 Dungeon Sprint DCSS version 0.28.0-45-g0d030f2227 (webtiles) character file.

Game seed: 2700405512106904370

23100000 thiscave3701365 the Archmage (level 27, -1/228 HPs)
             Began as a Djinni Warper on Apr 19, 2022.
             Was the Champion of Makhleb.
             Slain by an Executioner (27 damage)
             ... in the Dungeon (Sprint VIII: "Arena of Blood").
             The game lasted 00:04:13 (231 turns).

thiscave3701365 the Archmage (Djinni Warper)         Turns: 231, Time: 00:04:14

Health: -1/228     AC:  6    Str: 20    XL:     27
Gold:   0          EV: 27    Int: 17    God:    Makhleb [******] SH:  0 Dex: 15

rFire   + + .      SeeInvis +   i - +∞ Axe of Woe
rCold   x . .      Faith    .   (shield currently unavailable)
rNeg    . . .      Spirit   .   b - +0 leather armour
rPois   ∞          Reflect  .   (no helmet)
rElec   .          Harm     .   (no cloak)
rCorr   .          Rampage  .   (no gloves)
Will    ++...      NoTele   +   (boots unavailable)
Stlth   +.........              (no amulet)
HPRegen 0.48/turn               j - ring of see invisible
MPRegen 0.00/turn               (no ring)

@: confused, flying, slowed, very slow
A: sickness immunity, fire resistance 2, cold vulnerability 1, float, innate
caster, HP casting, extra vitality 1
0: Orb of Zot
a: Renounce Religion, Minor Destruction, Lesser Servant of Makhleb, Major
Destruction, Greater Servant of Makhleb


You were in the Dungeon.
You worshipped Makhleb.
Makhleb was exalted by your worship.
You visited 1 branch

Inventory:

Hand Weapons
 a - a +0 hand axe
 i - the +∞ Axe of Woe (weapon)
   (You found it in the Dungeon)
Missiles
 d - 5 boomerangs of dispersal
Armour
 b - a +0 leather armour (worn)
Jewellery
 j - a ring of see invisible (left hand)
 k - a +30 ring of slaying
Scrolls
 c - 2 scrolls of blinking
Potions
 e - a potion of curing
 f - a potion of heal wounds
 g - a potion of haste
 h - a potion of berserk rage


   Skills:
 O Level 27 Fighting
 O Level 27 Short Blades
 O Level 27 Long Blades
 O Level 27 Axes
 O Level 27 Maces & Flails
 O Level 27 Polearms
 O Level 27 Staves
 O Level 27 Slings
 O Level 27 Bows
 O Level 27 Crossbows
 O Level 27 Throwing
 O Level 27 Armour
 O Level 27 Dodging
 O Level 27 Stealth
 O Level 27 Shields
 O Level 27 Unarmed Combat
 O Level 27 Spellcasting
 O Level 27 Invocations
 O Level 27 Evocations


You couldn't memorise any spells.
You knew the following spells:

 Your Spells              Type           Power      Damage    Failure   Level
a - Blink                 Tloc           100%       N/A       0%          2
b - Lesser Beckoning      Tloc           86%        N/A       0%          3
c - Gell's Gravitas       Tloc           86%        N/A       0%          3
d - Teleport Other        Tloc           86%        N/A       0%          3
e - Manifold Assault      Tloc           86%        N/A       0%          5
f - Sting                 Tmut/Pois      100%       1d8       0%          1
g - Corpse Rot            Necr/Air       100%       N/A       0%          2
h - Dazzling Flash        Conj/Hex       100%       N/A       0%          3
i - Animate Armour        Summ/Erth      100%       N/A       0%          4
j - Alistair's Intoxicat  Tmut/Pois      57%        N/A       0%          5
k - Lightning Bolt        Conj/Air       43%        1d62      0%          5
l - Death Channel         Necr           43%        N/A       0%          6
m - Starburst             Conj/Fire      43%        6d12      0%          6
n - Storm Form            Tmut/Air       43%        N/A       1%          7
o - Malign Gateway        Summ/Tloc      43%        N/A       1%          7
p - Necromutation         Tmut/Necr      43%        N/A       1%          8
q - Infestation           Necr           43%        N/A       1%          8
r - Death's Door          Necr           43%        N/A       2%          9
Your spell library was empty.

Dungeon Overview and Level Annotations

Branches:
Dungeon (1/1)

Altars:
Makhleb


Innate Abilities, Weirdness & Mutations

You are immune to sickness and miasma.
You are immune to poison.
Your flesh is very heat resistant. (rF++)
You are vulnerable to cold. (rC-)
You float through the air rather than walking.
You learn spells naturally, not from books.
Your magical power is your life essence.
You have superior vitality. (+4 MHP)


Message History

Something smites you!
You hear a shout!
An accursed comes into view.
A scourge comes into view.
The fleshlord points at you and mumbles some strange words.
You barely resist.
The dread calls on the powers of darkness!
The scourge convulses! x2; The fleshlord convulses! x2
The large bag of meat convulses!
Flame seeps out of the large bag of meat.
The bag of meat convulses!
The observer convulses!
The eight-headed meat hydra convulses!
The scourge convulses!
Your body is wracked with pain!
The scourge convulses! x2
The scourge hisses angrily.
The large bag of meat is engulfed in blazing flames.
Some rock shatters into small pieces.
A dread comes into view.
A bag of meat comes into view. It is wielding a +9 war axe.
Some rock shatters into small pieces.
The Executioner hits you!! The Executioner completely misses you.
The Executioner hits you.
The eight-headed meat hydra calls on the powers of darkness!
The eight-headed meat hydra convulses!
The observer convulses!
The scourge convulses!
The bag of meat convulses!
The fleshlord convulses!
The scourge convulses!
The bag of meat convulses!
The scourge convulses!
The large bag of meat convulses!
Flame seeps out of the large bag of meat.
The eight-headed meat hydra convulses!
An eight-headed meat hydra comes into view.
The eight-headed meat hydra roars!
The scourge convulses!
The fleshlord convulses!
The scourge convulses!
Your body is wracked with pain!
* * * LOW HITPOINT WARNING * * *
The fleshlord convulses!
The accursed moves out of view.
You hear a shout! x2
A vile and 2 wretched souls come into view.
The vile is wielding a +4 flail of protection.
The Executioner hits you!
* * * LOW HITPOINT WARNING * * *
The Executioner misses you. The Executioner completely misses you.
The Executioner hits you!!
You die...

W).....)S oS
#))...§W#.DG
#)....))#oS.
).W###.O)..)..OWp
).Gp...)#.#)2..)W
#)..)D..._.)pS..D
....).#O.....SW).
......._.@._.....
..)..)#..1Wp...).
#....)).._9.9))).
..)).)))#.#†).)))
..)###.))9..).##)
)..#.).).).....
..†#)......#)..
....).)....)).))
..)))....))..)))


You could see a meat beast (fast), 3 eight-headed meat hydras, 2 observers, an
Executioner (fast), 5 scourges, 4 fleshlords, 3 large bags of meat, 4 dreads, 3
viles, 3 wretched souls and 2 bags of meat.

Vanquished Creatures
  4 molten gargoyles (D)
  Dispater (D)
  32 hell knights (D)
  Sigmund (D)
  20 hell beasts (D)
  Edmund (D)
  14 royal mummies (D)
  17 great orbs of eyes (D)
  28 wraiths (D)
  Harold (D)
  28 vampire knights (D)
  58 ogres (D)
  9 two-headed ogres (D)
  15 liches (D)
  15 hydras (D)
  114 orcs (D)
  19 phantoms (D)
  15 skeletal warriors (D)
  32 sea snakes (D)
  A demonspawn warmonger (D)
  A demonspawn corrupter (D)
  2 shadow demons (D)
  An ice devil (D)
  5 golden eyes (D)
434 creatures vanquished.

Notes
Turn   | Place    | Note
-------+----------+-------------------------------------------
     0 | D        | Found the +∞ Axe of Woe
     0 | D        | thiscave3701365 the Djinni Warper began the quest for the
                  | Orb.
     0 | D        | Reached XP level 1. HP: 18/18 MP: 0/0
     1 | D        | Noticed a bag of meat
     2 | D        | Noticed a bag of meat
     3 | D        | Became a worshipper of Makhleb the Destroyer
     3 | D        | Noticed a bag of meat
     5 | D        | Noticed a bag of meat
     6 | D        | Noticed a meat berserker
     6 | D        | Noticed a bag of meat
     6 | D        | Noticed a bag of meat
     6 | D        | Noticed a bag of meat
     7 | D        | Killed a bag of meat
     7 | D        | Noticed a meat berserker
     7 | D        | Noticed a bag of meat
     8 | D        | Reached skill level 10 in Dodging
     8 | D        | Reached skill level 15 in Spellcasting
     8 | D        | Reached XP level 2. HP: 34/34 MP: 0/0
     8 | D        | Reached XP level 3. HP: 39/39 MP: 0/0
     8 | D        | Learned a level 1 spell: Sting
     8 | D        | Reached XP level 4. HP: 45/45 MP: 0/0
     8 | D        | Reached XP level 5. HP: 50/50 MP: 0/0
     8 | D        | Learned a level 2 spell: Corpse Rot
     8 | D        | Reached XP level 6. HP: 56/56 MP: 0/0
     8 | D        | Reached XP level 7. HP: 61/61 MP: 0/0
     8 | D        | Learned a level 3 spell: Dazzling Flash
     8 | D        | Reached XP level 8. HP: 67/67 MP: 0/0
     8 | D        | Reached XP level 9. HP: 72/72 MP: 0/0
     8 | D        | Learned a level 4 spell: Animate Armour
     8 | D        | Reached XP level 10. HP: 78/78 MP: 0/0
     8 | D        | Reached XP level 11. HP: 84/84 MP: 0/0
     8 | D        | Learned a level 5 spell: Alistair's Intoxication
     8 | D        | Killed a bag of meat
     8 | D        | Reached * piety under Makhleb
     8 | D        | Killed a meat berserker
     8 | D        | Killed a bag of meat
     8 | D        | Noticed a meat berserker
     8 | D        | Noticed a bag of meat
     9 | D        | Reached XP level 12. HP: 98/98 MP: 0/0
     9 | D        | Reached XP level 13. HP: 103/103 MP: 0/0
     9 | D        | Learned a level 5 spell: Lightning Bolt
     9 | D        | Reached XP level 14. HP: 110/110 MP: 0/0
     9 | D        | Noticed a meat berserker
     9 | D        | Killed a meat berserker
     9 | D        | Reached ** piety under Makhleb
     9 | D        | Noticed a meat berserker
    10 | D        | Reached skill level 5 in Armour
    10 | D        | Killed a bag of meat
    10 | D        | Killed a bag of meat
    10 | D        | Noticed a bag of meat
    10 | D        | Noticed a meat berserker
    11 | D        | Reached skill level 15 in Fighting
    11 | D        | Reached skill level 15 in Axes
    11 | D        | Reached skill level 15 in Dodging
    11 | D        | Reached XP level 15. HP: 120/120 MP: 0/0
    11 | D        | Learned a level 6 spell: Death Channel
    11 | D        | Reached *** piety under Makhleb
    12 | D        | Killed a meat berserker
    12 | D        | Reached **** piety under Makhleb
    12 | D        | Noticed a meat berserker
    13 | D        | Reached XP level 16. HP: 130/130 MP: 0/0
    13 | D        | Killed a meat berserker
    13 | D        | Killed a meat berserker
    13 | D        | Reached ***** piety under Makhleb
    13 | D        | Noticed a meat berserker
    13 | D        | Noticed a meat berserker
    14 | D        | Reached skill level 27 in Spellcasting
    14 | D        | Reached XP level 17. HP: 145/145 MP: 0/0
    14 | D        | Learned a level 6 spell: Starburst
    14 | D        | Killed a meat berserker
    14 | D        | Killed a meat berserker
    14 | D        | Killed a meat berserker
    14 | D        | Noticed a meat berserker
    15 | D        | Reached skill level 27 in Axes
    15 | D        | Reached skill level 10 in Armour
    15 | D        | Reached XP level 18. HP: 163/163 MP: 0/0
    15 | D        | Killed a meat berserker
    15 | D        | Killed a meat berserker
    15 | D        | Noticed a meat berserker
    16 | D        | Reached skill level 27 in Fighting
    16 | D        | Reached skill level 27 in Dodging
    16 | D        | Reached XP level 19. HP: 174/174 MP: 0/0
    16 | D        | Learned a level 7 spell: Storm Form
    16 | D        | Killed a meat berserker
    17 | D        | Noticed a large bag of meat
    17 | D        | Noticed a meat berserker
    18 | D        | Killed a large bag of meat
    18 | D        | Reached ****** piety under Makhleb
    18 | D        | Killed a meat berserker
    19 | D        | Reached XP level 20. HP: 181/181 MP: 0/0
    20 | D        | Reached skill level 27 in Armour
    20 | D        | Noticed a large bag of meat
    20 | D        | Killed a large bag of meat
    21 | D        | Reached skill level 27 in Throwing
    21 | D        | Reached XP level 21. HP: 187/187 MP: 0/0
    21 | D        | Learned a level 7 spell: Malign Gateway
    21 | D        | Noticed a destroyer
    22 | D        | Killed a destroyer
    22 | D        | Noticed a meat berserker
    23 | D        | Reached XP level 22. HP: 194/194 MP: 0/0
    23 | D        | Noticed a large bag of meat
    23 | D        | Killed a meat berserker
    23 | D        | Killed a large bag of meat
    24 | D        | Reached skill level 10 in Shields
    24 | D        | Reached skill level 10 in Unarmed Combat
    24 | D        | Reached skill level 10 in Invocations
    24 | D        | Reached skill level 10 in Evocations
    24 | D        | Noticed a destroyer
    24 | D        | Noticed a meat berserker
    24 | D        | Noticed a meat berserker
    24 | D        | Noticed a large bag of meat
    25 | D        | Killed a destroyer
    25 | D        | Killed a meat berserker
    25 | D        | Noticed a destroyer
    26 | D        | Reached XP level 23. HP: 201/201 MP: 0/0
    26 | D        | Learned a level 8 spell: Necromutation
    26 | D        | Killed a large bag of meat
    28 | D        | Reached XP level 24. HP: 208/208 MP: 0/0
    28 | D        | Killed a destroyer
    29 | D        | Reached skill level 15 in Short Blades
    29 | D        | Reached skill level 15 in Long Blades
    29 | D        | Reached skill level 15 in Staves
    29 | D        | Reached skill level 15 in Stealth
    30 | D        | Reached skill level 15 in Maces & Flails
    30 | D        | Reached skill level 15 in Polearms
    30 | D        | Reached skill level 15 in Slings
    30 | D        | Reached skill level 15 in Bows
    30 | D        | Reached skill level 15 in Crossbows
    31 | D        | Reached XP level 25. HP: 214/214 MP: 0/0
    31 | D        | Learned a level 8 spell: Infestation
    33 | D        | Noticed a destroyer
    34 | D        | Noticed a destroyer
    34 | D        | Killed a destroyer
    34 | D        | Killed a destroyer
    40 | D        | Reached XP level 26. HP: 221/221 MP: 0/0
    40 | D        | Noticed a large bag of meat
    41 | D        | Killed a large bag of meat
    42 | D        | Noticed a destroyer
    44 | D        | Noticed an accursed
    44 | D        | Killed a destroyer
    44 | D        | Killed an accursed
    45 | D        | Noticed a destroyer
    46 | D        | Killed a destroyer
    47 | D        | Reached XP level 27. HP: 228/228 MP: 0/0
    47 | D        | Learned a level 9 spell: Death's Door
    48 | D        | Noticed an accursed
    48 | D        | Killed an accursed
    50 | D        | Noticed a destroyer
    51 | D        | Killed a destroyer
    52 | D        | Noticed a tyrant
    52 | D        | Killed a tyrant
    54 | D        | Noticed an accursed
    55 | D        | Killed an accursed
    57 | D        | Noticed a dread
    57 | D        | Killed a dread
    58 | D        | Noticed a dread
    58 | D        | Killed a dread
    59 | D        | Noticed a dread
    59 | D        | Killed a dread
    59 | D        | Noticed a destroyer
    60 | D        | Killed a destroyer
    61 | D        | Reached skill level 27 in Shields
    61 | D        | Reached skill level 27 in Unarmed Combat
    61 | D        | Reached skill level 27 in Invocations
    61 | D        | Reached skill level 27 in Evocations
    62 | D        | Reached skill level 27 in Staves
    62 | D        | Noticed a meat beast
    62 | D        | Killed a meat beast
    63 | D        | Reached skill level 27 in Short Blades
    63 | D        | Reached skill level 27 in Long Blades
    63 | D        | Reached skill level 27 in Polearms
    63 | D        | Reached skill level 27 in Stealth
    64 | D        | Reached skill level 27 in Maces & Flails
    64 | D        | Reached skill level 27 in Slings
    64 | D        | Reached skill level 27 in Bows
    64 | D        | Reached skill level 27 in Crossbows
    67 | D        | Noticed a meat beast
    69 | D        | Noticed a dread
    69 | D        | Killed a dread
    69 | D        | Killed a meat beast
    72 | D        | Noticed a meat beast
    73 | D        | Killed a meat beast
    76 | D        | Noticed The Servant
    76 | D        | Noticed a tyrant
    77 | D        | Killed a tyrant
    78 | D        | Killed The Servant
    78 | D        | Noticed a destroyer
    79 | D        | Killed a destroyer
    80 | D        | Noticed a meat beast
    81 | D        | Noticed a meat beast
    81 | D        | Killed a meat beast
    84 | D        | Killed a meat beast
    86 | D        | Noticed a destroyer
    87 | D        | Noticed an accursed
    87 | D        | Killed a destroyer
    87 | D        | Killed an accursed
    90 | D        | Noticed a tyrant
    90 | D        | Killed a tyrant
    90 | D        | Noticed a meat beast
    91 | D        | Killed a meat beast
    93 | D        | Noticed a tyrant
    94 | D        | Killed a tyrant
    94 | D        | Noticed a tyrant
    95 | D        | Killed a tyrant
    95 | D        | Noticed a meat beast
    96 | D        | Noticed a tyrant
    96 | D        | Killed a meat beast
    96 | D        | Killed a tyrant
    97 | D        | Noticed an accursed
    98 | D        | Killed an accursed
    98 | D        | Noticed a large bag of meat
    99 | D        | Killed a large bag of meat
   100 | D        | Noticed a dread
   100 | D        | Killed a dread
   104 | D        | Noticed a tyrant
   105 | D        | Killed a tyrant
   109 | D        | Noticed a dread
   109 | D        | Noticed a destroyer
   110 | D        | Killed a dread
   110 | D        | Killed a destroyer
   110 | D        | Noticed a tyrant
   111 | D        | Killed a tyrant
   113 | D        | Noticed a fleshlord
   113 | D        | Noticed a fleshlord
   113 | D        | Killed a fleshlord
   113 | D        | Killed a fleshlord
   113 | D        | Noticed a fleshlord
   114 | D        | Killed a fleshlord
   114 | D        | Noticed a fleshlord
   114 | D        | Noticed a dread
   115 | D        | Killed a dread
   115 | D        | Killed a fleshlord
   115 | D        | Noticed a fleshlord
   116 | D        | Killed a fleshlord
   116 | D        | Noticed a meat beast
   117 | D        | Noticed a fleshlord
   117 | D        | Killed a fleshlord
   117 | D        | Killed a meat beast
   118 | D        | Noticed a dread
   119 | D        | Noticed a fleshlord
   119 | D        | Killed a fleshlord
   119 | D        | Killed a dread
   121 | D        | Noticed a fleshlord
   121 | D        | Killed a fleshlord
   123 | D        | Noticed a fleshlord
   123 | D        | Killed a fleshlord
   126 | D        | Noticed a fleshlord
   127 | D        | Killed a fleshlord
   129 | D        | Noticed an accursed
   130 | D        | Killed an accursed
   133 | D        | Noticed a meat beast
   135 | D        | Noticed a destroyer
   136 | D        | Killed a destroyer
   137 | D        | Noticed a destroyer
   138 | D        | Killed a destroyer
   139 | D        | Noticed a destroyer
   139 | D        | Killed a destroyer
   139 | D        | Noticed a destroyer
   140 | D        | Killed a destroyer
   143 | D        | Noticed a destroyer
   144 | D        | Killed a destroyer
   144 | D        | Noticed a fleshlord
   145 | D        | Noticed an accursed
   145 | D        | Noticed a fleshlord
   145 | D        | Noticed a fleshlord
   146 | D        | Killed a fleshlord
   147 | D        | Killed a fleshlord
   147 | D        | Killed a fleshlord
   149 | D        | Noticed a fleshlord
   149 | D        | Noticed an accursed
   150 | D        | Killed an accursed
   150 | D        | Killed a fleshlord
   150 | D        | Noticed a meat beast
   151 | D        | Noticed a destroyer
   151 | D        | Killed a meat beast
   153 | D        | Noticed a destroyer
   153 | D        | Killed a destroyer
   153 | D        | Killed an accursed
   153 | D        | Killed a destroyer
   153 | D        | Noticed a large bag of meat
   154 | D        | Killed a large bag of meat
   154 | D        | Noticed The Meatlord
   155 | D        | Killed a meat beast
   155 | D        | Killed The Meatlord
   155 | D        | Noticed a destroyer
   156 | D        | Killed a destroyer
   156 | D        | Noticed a destroyer
   157 | D        | Killed a destroyer
   157 | D        | Noticed a tyrant
   158 | D        | Killed a tyrant
   158 | D        | Noticed a large bag of meat
   158 | D        | Noticed an accursed
   159 | D        | Killed an accursed
   159 | D        | Killed a large bag of meat
   159 | D        | Noticed a destroyer
   160 | D        | Killed a destroyer
   162 | D        | Noticed a dread
   163 | D        | Killed a dread
   164 | D        | Got the Orb of Zot
   164 | D        | Noticed a fleshlord
   164 | D        | Noticed a dread
   165 | D        | Noticed a dread
   165 | D        | Killed a fleshlord
   165 | D        | Noticed a tyrant
   166 | D        | Killed a tyrant
   166 | D        | Killed a dread
   166 | D        | Killed a dread
   169 | D        | Noticed a tyrant
   169 | D        | Noticed The Defiler
   170 | D        | Killed The Defiler
   170 | D        | Killed a tyrant
   171 | D        | Noticed a fleshlord
   172 | D        | Killed a fleshlord
   173 | D        | Noticed a fleshlord
   174 | D        | Killed a fleshlord
   175 | D        | Noticed a dread
   175 | D        | Killed a dread
   176 | D        | Noticed a destroyer
   177 | D        | Killed a destroyer
   178 | D        | Noticed a meat beast
   178 | D        | Noticed a meat beast
   178 | D        | Noticed a meat beast
   179 | D        | Killed a meat beast
   179 | D        | Killed a meat beast
   179 | D        | Killed a meat beast
   180 | D        | Noticed an accursed
   180 | D        | Noticed a tyrant
   180 | D        | Noticed a dread
   181 | D        | Killed a tyrant
   182 | D        | Killed an accursed
   182 | D        | Killed a dread
   182 | D        | Noticed a fleshlord
   182 | D        | Noticed a destroyer
   183 | D        | Killed a destroyer
   183 | D        | Killed a fleshlord
   184 | D        | Noticed a meat beast
   185 | D        | Killed a meat beast
   185 | D        | Noticed a fleshlord
   186 | D        | Noticed a fleshlord
   186 | D        | Killed a fleshlord
   186 | D        | Killed a fleshlord
   186 | D        | Noticed a tyrant
   187 | D        | Killed a tyrant
   188 | D        | Noticed a fleshlord
   189 | D        | Killed a fleshlord
   190 | D        | Noticed a meat beast
   191 | D        | Killed a meat beast
   191 | D        | Noticed a tyrant
   192 | D        | Killed a tyrant
   192 | D        | Noticed a fleshlord
   193 | D        | Killed a fleshlord
   194 | D        | Noticed a large bag of meat
   195 | D        | Killed a large bag of meat
   195 | D        | Noticed a fleshlord
   196 | D        | Killed a fleshlord
   196 | D        | Noticed a fleshlord
   197 | D        | Killed a fleshlord
   197 | D        | Noticed a meat beast
   197 | D        | Noticed an accursed
   197 | D        | Noticed a fleshlord
   198 | D        | Killed an accursed
   198 | D        | Killed a meat beast
   199 | D        | Killed a fleshlord
   200 | D        | Noticed a meat beast
   201 | D        | Killed a meat beast
   203 | D        | Noticed a destroyer
   203 | D        | Noticed a dread
   203 | D        | Noticed a dread
   204 | D        | Killed a dread
   204 | D        | Killed a destroyer
   204 | D        | Killed a dread
   205 | D        | Noticed a dread
   205 | D        | Noticed a destroyer
   206 | D        | Killed a dread
   206 | D        | Killed a destroyer
   207 | D        | Noticed an accursed
   208 | D        | Killed an accursed
   208 | D        | Noticed a fleshlord
   208 | D        | Noticed a fleshlord
   209 | D        | Killed a fleshlord
   209 | D        | Killed a fleshlord
   209 | D        | Noticed a dread
   210 | D        | Noticed a meat beast
   210 | D        | Noticed a dread
   211 | D        | Noticed a fleshlord
   211 | D        | Killed a dread
   211 | D        | Killed a dread
   211 | D        | Noticed a vile
   211 | D        | Noticed a dread
   211 | D        | Noticed an accursed
   211 | D        | Noticed a dread
   212 | D        | Killed a fleshlord
   212 | D        | Killed an accursed
   212 | D        | Noticed a meat beast
   212 | D        | Noticed a tyrant
   212 | D        | Noticed The Captor
   213 | D        | Killed a meat beast
   213 | D        | Killed a meat beast
   213 | D        | Killed a dread
   213 | D        | Killed a dread
   213 | D        | Noticed a fleshlord
   214 | D        | Killed The Captor
   214 | D        | Killed a fleshlord
   214 | D        | Noticed a dread
   215 | D        | Noticed an accursed
   215 | D        | Noticed a dread
   216 | D        | Killed an accursed
   216 | D        | Killed a dread
   216 | D        | Noticed a vile
   216 | D        | Noticed a fleshlord
   217 | D        | Killed a vile
   217 | D        | Killed a tyrant
   218 | D        | Killed a dread
   219 | D        | Killed a fleshlord
   220 | D        | Noticed a vile
   220 | D        | Noticed a dread
   221 | D        | Killed a dread
   221 | D        | Killed a vile
   221 | D        | Noticed a dread
   222 | D        | Killed a dread
   222 | D        | Noticed a fleshlord
   223 | D        | Noticed a dread
   223 | D        | Noticed a dread
   223 | D        | Noticed a dread
   224 | D        | Noticed a vile
   224 | D        | Killed a dread
   224 | D        | Killed a dread
   224 | D        | Killed a vile
   224 | D        | Killed a dread
   224 | D        | Noticed a destroyer
   224 | D        | Noticed a fleshlord
   225 | D        | Killed a destroyer
   225 | D        | Noticed a meat beast
   225 | D        | Noticed a fleshlord
   225 | D        | Noticed a large bag of meat
   227 | D        | Killed a fleshlord
   227 | D        | Noticed a large bag of meat
   227 | D        | Noticed a vile
   228 | D        | Noticed a vile
   228 | D        | Noticed a destroyer
   228 | D        | Killed a vile
   228 | D        | Killed a meat beast
   228 | D        | Noticed a large bag of meat
   228 | D        | Noticed a fleshlord
   228 | D        | Noticed a vile
   228 | D        | Noticed a dread
   229 | D        | Noticed a fleshlord
   229 | D        | Noticed a meat beast
   229 | D        | Killed a dread
   229 | D        | Killed a fleshlord
   229 | D        | Killed a destroyer
   229 | D        | Noticed a vile
   229 | D        | Noticed a fleshlord
   229 | D        | Noticed a dread
   229 | D        | Noticed a dread
   230 | D        | Noticed a dread
   230 | D        | Noticed an accursed
   230 | D        | Noticed a dread
   231 | D        | Noticed a vile
   231 | D        | Noticed a fleshlord
   231 | D        | Slain by an Executioner

Illustrated notes

Levels and vault maps discovered:
D:        meatsprint

Skill      XL: |  1  2  3  4  5  6  7  8  9 10 11 12 13 14 15 16 17 18 19 20 21 22 23 24 25 26 27 |
---------------+----------------------------------------------------------------------------------+-----
Fighting       | 9 13 15 17 20 25 27 | 27.0
Axes           | 8 13 15 18 24 27 | 27.0
Throwing       | 3 4 9 16 27 | 27.0
Armour         | 2 4 5 6 7 10 17 26 27 | 27.0
Dodging        | 10 13 15 17 19 23 27 | 27.0
Spellcasting   | 15 21 24 26 27 | 27.0
Short Blades   | 7 12 14 16 19 21 27 | 27.0
Long Blades    | 7 12 14 16 19 21 27 | 27.0
Maces & Flails | 6 11 13 15 17 19 27 | 27.0
Polearms       | 6 11 13 15 17 19 27 | 27.0
Staves         | 7 12 14 16 19 21 27 | 27.0
Slings         | 7 11 13 15 17 19 27 | 27.0
Bows           | 6 11 13 15 17 19 27 | 27.0
Crossbows      | 6 11 13 15 17 19 27 | 27.0
Stealth        | 7 12 14 16 19 21 27 | 27.0
Shields        | 7 12 14 17 19 21 27 | 27.0
Unarmed Combat | 7 12 14 17 19 21 27 | 27.0
Invocations    | 7 12 14 17 19 21 27 | 27.0
Evocations     | 7 12 14 17 19 21 27 | 27.0

Action                   |  1- 3 |  4- 6 |  7- 9 | 10-12 | 13-15 | 16-18 | 19-21 | 22-24 | 25-27 || total
-------------------------+-------+-------+-------+-------+-------+-------+-------+-------+-------++-------
Melee: Executioner's axe |     1 |       |       |     1 |     4 |    11 |    16 |    21 |   378 ||   432
 Cast: Manifold Assault  |       |       |       |       |       |     3 |     6 |     7 |   159 ||   175
Dodge: Dodged            |       |       |       |       |       |       |       |       |     4 ||     4
